Map: World of Sleepers LE

Players

SKillous - Winner!

  • Race: Protoss Protoss
  • Spawn Location: 1:00

Neeb

  • Race: Protoss Protoss
  • Spawn Location: 7:00

Event: IEM Katowice 2020

VOD

Have the link to the VOD?

Description

Time

  • Played on: Feb. 24, 2020, 12:22 p.m.
  • Length: 13:44

All games in this series

Show
View Real Time Build Order
Export as new Build Order

SKillous Protoss - Winner!

Build Orders: Zealot Archon 

Get SALT Encoding   

  12  0:00  Probe  
  13  0:12  Probe  
  14  0:17  Pylon  
  14  0:25  Probe  
  15  0:35  Gateway  
  15  0:37  Probe (Chrono Boost)  
  16  0:46  Probe (Chrono Boost), Assimilator  
  17  0:51  Probe (Chrono Boost)  
  17  0:55  Assimilator  
  18  1:03  Probe (Chrono Boost)  
  19  1:10  Gateway  
  19  1:12  Probe (Chrono Boost)  
  19  1:17  Probe (Chrono Boost)  
  20  1:25  Cybernetics Core  
  21  1:29  Probe  
  22  1:36  Pylon  
  22  1:41  Probe  
  24  2:02  Robotics Facility  
  24  2:03  Stalker  
  24  2:06  Stalker  
  27  2:10  Warp Gate  
  27  2:14  Pylon  
  27  2:33  Stalker  
  27  2:36  Stalker  
  31  2:46  Immortal (Chrono Boost)  
  35  3:03  Pylon  
  35  3:06  Sentry  
  37  3:15  Stalker  
  37  3:18  Warp Prism (Chrono Boost)  
  41  3:35  Pylon  
  41  3:47  Immortal  
  43  4:01  Stalker x2  
  43  4:27  Stalker x2  
  43  4:40  Immortal (Chrono Boost)  
  45  4:57  Stalker x2  
  49  5:10  Shield Battery  
  49  5:15  Probe  
  49  5:17  Twilight Council  
  48  5:32  Stalker  
  46  5:36  Stalker  
  46  5:51  Probe  
  46  5:56  Dark Shrine  
  47  6:07  Nexus  
  47  6:09  Probe  
  48  6:13  Sentry  
  48  6:15  Zealot  
  52  6:21  Probe  
  53  6:26  Pylon  
  53  6:33  Probe  
  54  6:40  Pylon  
  54  6:42  Pylon  
  54  6:53  Probe  
  51  7:09  Dark Templar x2  
  51  7:12  Probe  
  56  7:24  Probe (Chrono Boost)  
  56  7:26  Probe (Chrono Boost)  
  58  7:31  Shield Battery  
  58  7:32  Charge (Chrono Boost), Shield Battery  
  58  7:35  Probe x2 (Chrono Boost)  
  60  7:41  Gateway  
  60  7:47  Gateway  
  60  7:51  Probe x2  
  62  7:53  Sentry  
  62  7:55  Archon  
  64  7:58  Assimilator  
  64  8:04  Stargate  
  64  8:06  Zealot  
  64  8:16  Gateway x2  
  64  8:18  Probe  
  65  8:25  Dark Templar  
  67  8:27  Probe  
  67  8:31  Gateway  
  67  8:44  Dark Templar  
  67  8:49  Zealot x2  
  67  8:51  Phoenix (Chrono Boost)  
  73  8:58  Zealot  
  73  9:01  Probe, Assimilator  
  76  9:04  Pylon  
  76  9:06  Probe  
  77  9:11  Phoenix  
  79  9:25  Nexus  
  79  9:29  Pylon  
  81  9:43  Dark Templar x2  
  83  9:46  Stalker  
  83  9:51  Archon, Zealot  
  87  9:56  Robotics Facility  
  87  9:58  Zealot  
  89  10:02  Zealot  
  89  10:05  Probe  
  92  10:08  Archon  
  92  10:09  Zealot  
  94  10:16  Zealot  
  94  10:17  Probe  
  94  10:18  Probe  
  96  10:32  Phoenix (Chrono Boost)  
  96  10:34  Probe  
  97  10:39  Probe  
  97  10:40  Probe  
  99  10:45  Observer (Chrono Boost)  
  99  10:46  Probe, Zealot  
  99  10:47  Zealot x2  
  107  10:51  Probe  
  107  10:54  Probe  
  109  10:58  Probe  
  109  11:00  Observer (Chrono Boost)  
  109  11:01  Observer  
  109  11:03  Probe  
  112  11:06  Probe, Pylon  
  112  11:07  Pylon  
  112  11:09  Phoenix  
  115  11:15  Probe  
  115  11:17  Forge  
  116  11:24  Zealot  
  118  11:30  Zealot x3  
  124  11:34  Phoenix  
  126  11:41  Zealot x2  
  126  11:45  Protoss Ground Weapons Level 1 (Chrono Boost)  
  126  11:47  Pylon x2  
  130  11:53  Warp Prism (Chrono Boost)  
  132  12:03  Templar Archives  
  132  12:06  Pylon  
  134  12:09  Assimilator  
  134  12:10  Photon Cannon  
  134  12:13  Assimilator  
  132  12:16  Probe  
  131  12:24  Probe x2  
  131  12:28  Probe  
  134  12:36  Probe x2, Photon Cannon  
  136  12:37  Photon Cannon  
  136  12:43  High Templar x6  
  136  12:44  Zealot  
  150  12:48  Archon x3  
  150  12:50  Gateway  
  150  12:56  Gateway  
  150  12:58  Gateway  
  148  13:10  Probe  
  149  13:18  Zealot x7  
  117  13:40  Zealot x5  
  117  13:41  Zealot x2  
Show
View Real Time Build Order
Export as new Build Order

Neeb Protoss 

Build Orders:  

Get SALT Encoding   

  12  0:00  Probe  
  13  0:12  Probe  
  14  0:17  Pylon  
  14  0:25  Probe (Chrono Boost)  
  15  0:37  Probe (Chrono Boost), Gateway  
  16  0:44  Probe (Chrono Boost)  
  16  0:47  Assimilator  
  17  0:51  Probe  
  17  0:55  Assimilator  
  18  1:03  Probe (Chrono Boost)  
  19  1:07  Gateway  
  19  1:13  Probe (Chrono Boost)  
  19  1:18  Probe (Chrono Boost)  
  20  1:24  Cybernetics Core  
  21  1:29  Probe  
  22  1:36  Pylon  
  22  1:41  Probe  
  23  1:54  Probe  
  23  1:59  Warp Gate (Chrono Boost)  
  24  2:02  Sentry, Stalker  
  24  2:08  Pylon  
  28  2:09  Probe  
  29  2:28  Sentry  
  31  2:32  Stalker  
  33  2:43  Nexus  
  33  2:53  Shield Battery  
  33  2:56  Sentry  
  35  3:02  Stalker  
  37  3:10  Shield Battery  
  37  3:15  Pylon  
  35  3:27  Stargate  
  35  3:29  Shield Battery  
  35  3:39  Zealot  
  37  3:41  Zealot  
  39  3:48  Shield Battery  
  33  4:04  Zealot, Stalker  
  37  4:14  Void Ray (Chrono Boost)  
  39  4:30  Zealot, Stalker  
  39  4:47  Void Ray (Chrono Boost)  
  39  4:52  Zealot  
  43  5:00  Zealot  
  45  5:07  Probe  
  45  5:08  Pylon  
  46  5:22  Zealot x2  
  34  5:36  Void Ray (Chrono Boost)  
  36  5:43  Sentry  
  36  5:49  Robotics Facility  
  38  5:59  Zealot  
  40  6:09  Pylon  
  40  6:15  Void Ray  
  44  6:44  Immortal  
  44  6:46  Adept  
  50  6:58  Pylon  
  50  7:04  Probe  
  51  7:11  Disruptor  
  51  7:16  Probe  
  52  7:23  Observer  
  52  7:28  Probe  
  54  7:32  Gateway  
  54  7:34  Gateway  
  54  7:40  Nexus  
  54  7:41  Probe  
  55  7:45  Pylon  
  55  7:54  Probe  
  56  8:06  Probe  
  56  8:12  Immortal (Chrono Boost)  
  57  8:18  Probe  
  62  8:28  Sentry  
  62  8:30  Probe  
  65  8:37  Twilight Council  
  65  8:42  Probe  
  66  8:52  Probe  
  66  8:54  Probe  
  68  8:58  Assimilator  
  68  9:01  Assimilator  
  68  9:04  Probe  
  69  9:12  Robotics Bay  
  67  9:17  Dark Shrine  
  67  9:26  Immortal (Chrono Boost)  
  67  9:27  Pylon  
  71  9:41  Probe  
  72  9:58  Gateway x2  
  72  10:02  Colossus (Chrono Boost)  
  72  10:05  Extended Thermal Lance  
  78  10:10  Shield Battery  
  78  10:11  Shield Battery  
  78  10:20  Zealot x2  
  78  10:38  Pylon  
  78  10:39  Pylon  
  78  10:40  Dark Templar  
  80  10:46  Colossus (Chrono Boost)  
  80  10:56  Probe  
  87  10:58  Dark Templar  
  89  11:07  Probe  
  89  11:08  Probe  
  91  11:18  Archon  
  91  11:21  Dark Templar x2  
  95  11:26  Colossus (Chrono Boost)  
  101  11:34  Forge  
  102  11:40  Probe  
  102  11:43  Archon  
  102  11:47  Pylon  
  102  11:49  Pylon  
  102  12:05  Probe x2  
  102  12:08  Colossus  
  104  12:17  Probe  
  111  12:30  Dark Templar x2  
  111  12:34  Gateway  
  111  12:36  Gateway  
  115  12:38  Pylon  
  115  12:50  Archon  
  115  12:54  Nexus  
  121  13:19  Zealot x3  
  91  13:32  Zealot x2  
  78  13:40  Zealot  
  78  13:41  Zealot x2  

Tags
 
Add a new tag
Caveats
  • Supply blocks, unpowered buildings, or Contaminate may cause inaccurate times.
  • Supply counts are checked every 10 seconds.